 Dungeon Crawl Stone Soup version 0.17-a0-1731-g129c023 (webtiles) character file.

37 KambridgeKobold the Sneak (level 3, -1/16 HPs)
             Began as a Spriggan Enchanter on Aug 29, 2015.
             Slain by a worm (7 damage)
             ... on level 2 of the Dungeon.
             The game lasted 00:07:53 (1400 turns).

KambridgeKobold the Sneak (Spriggan Enchanter)      Turns: 1400, Time: 00:07:53

Health: -1/16      AC:  3    Str:  5    XL:     3   Next: 21%
Magic:  9/9        EV: 18    Int: 16    God:
Gold:   7          SH:  0    Dex: 16    Spells: 2 memorised, 6 levels left

rFire  . . .     SeeInvis +     f - +0 dagger (venom)
rCold  . . .     Clarity  .     b - +1 robe
rNeg   . . .     SustAt   .     (shield restricted)
rPois  .         Gourm    .     (helmet restricted)
rElec  .         Spirit   .     (no cloak)
rCorr  .         Warding  .     (gloves unavailable)
rMut   .         Stasis   .     (boots unavailable)
MR     +....                    (no amulet)
Stlth  +++.......               (no ring)
                                k - ring of protection from magic

@: very quick, somewhat resistant to hostile enchantments, fairly stealthy
A: unfitting armour, see invisible, herbivore 3, speed 3, slow metabolism 2
a: no special abilities


You were on level 2 of the Dungeon.
You were not hungry.

You visited 1 branch of the dungeon, and saw 2 of its levels.

You collected 7 gold pieces.

Inventory:

Hand weapons
 a - a +1 dagger
 f - a +0 dagger of venom (weapon)
 h - a cursed -2 hunting sling
Armour
 b - a +1 robe (worn)
Jewellery
 k - a ring of protection from magic (left hand)
Scrolls
 e - a scroll of identify {unknown}
 g - a scroll of noise {unknown}
 j - a scroll of remove curse {unknown}
Potions
 i - a potion of flight {unknown}
Books
 c - a book of Maledictions

   Spells                             Type                      Level
   a - Corona                         Hexes                        1
   b - Ensorcelled Hibernation        Hexes/Ice                    2
   c - Confuse                        Hexes                        3
   d - Tukima's Dance                 Hexes                        3
   e - Dazzling Spray                 Conjuration/Hexes            3
Comestibles
 d - a bread ration


   Skills:
 + Level 1.9 Short Blades
 - Level 3.0 Dodging
 - Level 4.4 Stealth
 + Level 3.5 Spellcasting
 + Level 4.3 Hexes


You had 6 spell levels left.
You knew the following spells:

 Your Spells              Type           Power        Failure   Level  Hunger
a - Corona                Hex            ###....      3%          1    None
b - Ensorcelled Hibernat  Hex/Ice        #.....       12%         2    ##.....


Dungeon Overview and Level Annotations

Branches:
Dungeon (2/15)

Altars:


Innate Abilities, Weirdness & Mutations

You are tiny and cannot use many weapons and most armour.
You have supernaturally acute eyesight.
You are a herbivore.
You cover ground extremely quickly.
You need consume almost no food.


Message History

You impale the goblin!!
You kill the goblin!
There is a stone staircase leading up, spattered with blood here.
You see here a stone.
Magic restored.
A worm comes into view.
Found a scroll labeled UNITWI KAPN.
You barely miss the worm. You hit the worm.
The worm is poisoned.
The worm is lightly wounded.
The worm bites you!
You hit the worm.
The worm looks even sicker.
The worm is moderately wounded.
The worm misses you.
You hit the worm but do no damage.
The worm looks even sicker.
The worm is lightly wounded.
You hit the worm.
The worm is moderately wounded.
The worm bites you!
You die...

.. ... #####. #.#
..?.. #.# #
####..#.##.# .#
.........#.####..#
#......##.#...)...#
#.###.....#...##..#
#.......)<#.#.#
####.......w@.).#
.........#..†...#
..##.###.#####.†# #
#.# #.......> #.#
#.####### #.# #.#
#.# #.# ... #.# ..
#.#


You could see a worm.

Vanquished Creatures
  2 oozes
  A giant gecko (D:1)
  3 giant cockroaches (D:1)
  5 hobgoblins
  3 bats (D:1)
  A giant newt (D:1)
  4 goblins
  5 kobolds
  5 rats (D:1)
29 creatures vanquished.

Notes
Turn   | Place    | Note
--------------------------------------------------------------
     0 | D:1      | KambridgeKobold the Spriggan Enchanter began the quest for the Orb.
     0 | D:1      | Reached XP level 1. HP: 9/9 MP: 5/5
   355 | D:1      | Reached XP level 2. HP: 13/13 MP: 7/7
   359 | D:1      | Learned a level 2 spell: Ensorcelled Hibernation
  1292 | D:2      | Reached XP level 3. HP: 9/16 MP: 8/8
  1400 | D:2      | Slain by a worm

Vault maps used:
D:1:      dpeg_arrival_water_temple_mockup
D:2:      st_stairs_8, roderic_serpentine_path

Action                   || total
-------------------------++-------
Melee: Dagger            ||    86
 Cast: Corona            ||     4
       Ensorcelled Hiber ||    10
 Stab: Sleeping          ||     9
